 Dungeon Crawl Stone Soup version 0.30.1-11-g7821555f0a (webtiles) character file.

Game seed: 7131757022569227034

905 KittyFluff the Cudgeller (level 8, -2/49 HPs)
             Began as a Gargoyle Berserker on Nov 6, 2023.
             Was an Elder of Trog.
             Slain by Blork the orc
             ... wielding a +2 trident of distortion
              (5 damage)
             ... on level 5 of the Dungeon.
             The game lasted 00:19:53 (4614 turns).

KittyFluff the Cudgeller (Gargoyle Berserker)       Turns: 4614, Time: 00:19:54

Health: -2/49      AC: 10    Str: 23    XL:     8   Next: 8%
Magic:  8/8        EV: 13    Int:  8    God:    Trog [****..]
Gold:   189        SH:  0    Dex: 15    Spells: 7/7 levels left

rFire   . . .        y - +3 whip (vamp)
rCold   . . .        (no shield)
rNeg    + . .        n - +0 leather armour {rPois}
rPois   ∞            (no helmet)
rElec   +            (no cloak)
rCorr   .            (no gloves)
SInv    .            e - +0 pair of boots
Will    .....        (no amulet)
Stlth   +            m - +6 ring of dexterity
HPRegen 0.28/turn    (no ring)
MPRegen 0.11/turn

%: no passive effects
@: no status effects
A: sickness immunity, AC +5, negative energy resistance 1, electricity
resistance, torment resistance 1, petrification resistance
a: Renounce Religion, Berserk, Trog's Hand, Brothers in Arms


You were on level 5 of the Dungeon.
You worshipped Trog.
Trog was greatly pleased with you.
You visited 1 branch of the dungeon, and saw 5 of its levels.
You also visited: Sewer.

You collected 189 gold pieces.

Inventory:

Hand Weapons
 a - a +0 mace
 u - a +0 sling
 y - a +3 vampiric whip (weapon)
Missiles
 g - 9 poisoned darts (quivered)
 j - 4 javelins
 l - 2 throwing nets
Armour
 e - a +0 pair of boots (worn)
 f - a +3 scale mail
 n - a +0 leather armour of poison resistance (worn)
Jewellery
 m - a +6 ring of dexterity (left hand)
 v - a ring of magical power
Wands
 C - a wand of mindburst (6)
Scrolls
 d - 4 scrolls of teleportation {unknown}
 h - 4 scrolls of identify {unknown}
 i - 2 scrolls of blinking
 k - a scroll of fear {unknown}
 o - a scroll of summoning {unknown}
 t - a scroll of poison {unknown}
 B - a scroll of amnesia {unknown}
Potions
 b - 8 potions of curing {unknown}
 c - 2 potions of haste {unknown}
 p - 2 potions of brilliance {unknown}
 q - 5 potions of attraction {unknown}
 r - a potion of cancellation {unknown}
 s - a potion of magic {unknown}
 w - a potion of mutation {unknown}
 x - 2 potions of heal wounds {unknown}
 z - a potion of lignification {unknown}
 A - a potion of resistance {unknown}


   Skills:
 + Level 5.0 Fighting
 * Level 6.0 Maces & Flails
 * Level 5.9 Armour
 + Level 3.3 Dodging


You had 7 spell levels left.
You didn't know any spells.
Your spell library was empty.

Dungeon Overview and Level Annotations

Branches:
Dungeon (5/15)              Sewer (visited)
 Temple: D:4-7

Altars:
Gozag
Nemelex Xobeh

Annotations:
D:5 Blork the orc, Dowan, Duvessa, Eustachio


Innate Abilities, Weirdness & Mutations

You are immune to sickness and miasma.
Your stone body is resilient. (AC +5)
You are immune to poison.
You resist negative energy. (rN+)
You are resistant to electric shocks. (rElec)
You are resistant to unholy torment.
You are immune to petrification.


Message History

Space warps around you. Blork the orc misses you.
Blork the orc barely misses you.
You hit the white imp.
The white imp is moderately wounded.
The white imp barely misses you.
Blork the orc hits you from afar with a +2 trident of distortion.
Space warps horribly around you.
You hit the white imp but do no damage.
The white imp is moderately wounded.
Blork the orc hits you but does no damage.
Space warps horribly around you. The white imp gestures at you.
The puff of frost hits you.
You closely miss the white imp.
The white imp is moderately wounded.
Blork the orc frowns.
Blork the orc misses you.
The white imp hits you but does no damage.
You hit the white imp.
The white imp is heavily wounded.
Blork the orc casts a cantrip, but nothing happens.
Blork the orc closely misses you.
You hit the white imp but do no damage.
The white imp is heavily wounded.
The white imp barely misses you.
Blork the orc hits you from afar with a +2 trident of distortion.
Space warps around you!
* * * LOW HITPOINT WARNING * * *
You closely miss the white imp. You punch the white imp.
The white imp is almost dead.
The white imp closely misses you. Blork the orc misses you.
You whack the white imp!
You kill the white imp!
Trog accepts your kill.
Blork the orc hits you from afar with a +2 trident of distortion!
* * * LOW HITPOINT WARNING * * *
You whack the ice beast!
You feel better.
The ice beast is severely wounded.
Blork the orc hits you from afar with a +2 trident of distortion.
You die...

###########
#.........# #
..........# .#
#.........# ..#
#.........###...#
#.........Y@....#
#........o##....#
..........##....#
#.........#.....#
............#####
.##........Y#
...##.####.##
####### ......##
#. #§.####.....##
....?# ..
##...#.......##


You could see Blork the orc (fast) and an ice beast.

Vanquished Creatures
  Sigmund (D:3)
  An ice beast (D:5)
  An ogre (D:5)
  2 bullfrogs (Sewer)
  A hound (D:4)
  An iguana (D:4)
  2 orc wizards (D:4)
  19 adders
  2 white imps (D:5)
  A worm (D:4)
  A dart slug (D:1)
  4 orcs
  11 ball pythons
  3 bats
  17 endoplasms
  9 giant cockroaches
  10 goblins
  10 hobgoblins
  5 jackals
  10 quokkas
  13 frilled lizards
  6 kobolds
  5 rats
135 creatures vanquished.

Notes
Turn   | Place    | Note
-------+----------+-------------------------------------------
     0 | D:1      | KittyFluff the Gargoyle Berserker began the quest for the
                  | Orb.
     0 | D:1      | Reached XP level 1. HP: 14/14 MP: 1/1
    86 | D:1      | Reached XP level 2. HP: 14/19 MP: 2/2
   735 | D:1      | Found a faded altar of an unknown god.
  1088 | D:2      | Reached XP level 3. HP: 23/23 MP: 3/3
  1154 | D:2      | Reached ** piety under Trog
  1308 | D:2      | Found a sparkling altar of Nemelex Xobeh.
  1526 | D:3      | Reached XP level 4. HP: 25/29 MP: 4/4
  1596 | D:3      | Found an opulent altar of Gozag.
  1702 | D:3      | Found a glowing drain.
  1743 | Sewer    | Entered a sewer
  1876 | Sewer    | Reached skill level 4 in Maces & Flails
  1891 | Sewer    | Reached *** piety under Trog
  1892 | Sewer    | Reached XP level 5. HP: 22/33 MP: 5/5
  2250 | Sewer    | Reached XP level 6. HP: 24/38 MP: 6/6
  2726 | D:3      | Reached **** piety under Trog
  2752 | D:3      | Noticed Sigmund
  2764 | D:3      | Killed Sigmund
  2765 | D:3      | Reached skill level 5 in Maces & Flails
  2765 | D:3      | Reached skill level 5 in Armour
  2765 | D:3      | Reached XP level 7. HP: 44/44 MP: 7/7
  4134 | D:5      | Entered Level 5 of the Dungeon
  4434 | D:5      | Reached skill level 5 in Fighting
  4434 | D:5      | Reached skill level 6 in Maces & Flails
  4434 | D:5      | Reached XP level 8. HP: 49/49 MP: 8/8
  4474 | D:5      | Noticed Eustachio
  4474 | D:5      | Noticed Dowan
  4475 | D:5      | Noticed Duvessa
  4591 | D:5      | Noticed Blork the orc
  4613 | D:5      | HP: 2/49 [Blork the orc/+2 trident of distortion (10)]
  4614 | D:5      | Slain by Blork the orc

Illustrated notes

Levels and vault maps discovered:
D:1:      minmay_arrival_stone_box, layout_basic,
          shapermc_ecumenical_altar_notcrosses
D:2:      minmay_inner_zag, layout_rooms, basic_altar, minmay_fountain_box
D:3:      layout_basic, mainiacjoe_overflow_surrounded_room,
          gup_sewer_entry_glass, saegor_snake_ambush, uniq_sigmund
D:4:      layout_layer_cave
D:5:      layout_rooms, minitemple, uniq_eustachio, uniq_blork_the_orc,
          uniq_duvessa

Skill      XL: |  1  2  3  4  5  6  7 |
---------------+----------------------+-----
Armour         | 3 4 5 |  5.9
Dodging        | 2 3 |  3.3
Maces & Flails | 4 5 6 |  6.0
Fighting       | 4 5 |  5.0

Action                     |  1- 3 |  4- 6 |  7- 9 || total
---------------------------+-------+-------+-------++-------
  Melee: Mace              |   111 |   239 |    72 ||   422
         Punch             |     1 |     2 |     2 ||     5
         Whip              |       |       |    76 ||    76
 Invoke: Berserk           |       |     2 |     1 ||     3
   Stab: Sleeping          |       |       |     3 ||     3
 Armour: Animal skin       |    41 |     2 |       ||    43
         Leather armour    |       |   127 |    63 ||   190
  Dodge: Dodged            |    67 |   200 |    90 ||   357
